Unix NetHack Version 3.7.0-86 Work-in-progress - last build May 30 2023 01:50:43 (cc98dc9aa62a9957b082a042edf5bd7ec9f632c7,branch:master). Game began 2023-06-01 21:30:58, ended 2023-06-01 21:34:15. zarg, neutral male gnomish Healer ----|------- |...........# # ---.---- |....@.....|########.....<.| |....>.....+ ## |....:.| |..........| |...{._| |........... -------- ------------ Zarg the Rhizotomist St:9 Dx:8 Co:15 In:8 Wi:17 Ch:18 Neutral S:271 Dlvl:4 $:1912 HP:0(17) Pw:7(7) AC:7 Xp:1/19 T:403 Latest messages: You hit the acid blob. You miss the acid blob. You kill the acid blob! You are splashed by the acid blob's acid! You see here a lembas wafer. r - a lembas wafer. The giant rat bites! You hit the giant rat. The giant rat bites! You hit the giant rat. You kill the giant rat! There is a doorway here. You see here a magic marker. s - a magic marker. $ - 7 gold pieces (1912 in total). What do you want to read? [hijq or ?*] As you read the scroll, it disappears. You have found a scroll of genocide! You aren't permitted to genocide humans. You aren't permitted to genocide wererats. You aren't permitted to genocide werejackals. You aren't permitted to genocide werewolves. You aren't permitted to genocide elves. Wiped out all Woodland-elves. Wiped out all Green-elves. Wiped out all Grey-elves. Wiped out all elf-nobles. Wiped out all elven monarchs. Wiped out all doppelgangers. You aren't permitted to genocide shopkeepers. You aren't permitted to genocide guards. You aren't permitted to genocide prisoners. You aren't permitted to genocide the Oracle. You aren't permitted to genocide aligned clerics. You aren't permitted to genocide high clerics. Wiped out all soldiers. Wiped out all sergeants. Wiped out all nurses. Wiped out all lieutenants. Wiped out all captains. Wiped out all watchmen. Wiped out all watch captains. You aren't permitted to genocide Medusa. You aren't permitted to genocide the Wizard of Yendor. You aren't permitted to genocide Croesus. You aren't permitted to genocide archeologists. You aren't permitted to genocide barbarians. You aren't permitted to genocide cave dwellers. Wiped out all healers. You die. Inventory: Weapons a - an uncursed +0 scalpel (weapon in hand) l - an uncursed +0 stiletto Tools p - an uncursed magic marker (0:88) s - an uncursed magic marker (0:38) c - an uncursed stethoscope Wands g - an uncursed wand of sleep (0:7) Potions e - 3 uncursed potions of extra healing d - 4 uncursed potions of healing Comestibles k - 6 uncursed apples n - an uncursed food ration r - an uncursed lembas wafer Armor b - an uncursed +2 pair of leather gloves (being worn) Spellbooks i - a blessed spellbook of extra healing h - a blessed spellbook of healing j - a blessed spellbook of stone to flesh Coins $ - 1912 gold pieces Zarg the Healer's attributes: Background: You were a Rhizotomist, a level 1 male gnomish Healer. You were neutral, on a mission for Hermes who was opposed by Athena (lawful) and Poseidon (chaotic). You were in the Dungeons of Doom, on level 4. You entered the dungeon 403 turns ago. You had 19 experience points, 1 more was needed to attain level 2. Your score was 271 before end-of-game adjustments. Basics: You had 0 out of 17 hit points. You had all 7 energy points (spell power). Your armor class was 7. Your wallet contained 1912 zorkmids. Autopickup was on for '$!"=/', with exceptions. Final Characteristics: Your strength was 9 (limit:18/50). Your dexterity was 8 (limit:18). Your constitution was 15 (limit:18). Your intelligence was 8 (limit:19). Your wisdom was 17 (limit:18). Your charisma was 18 (limit:18). Final Status: You were not hungry. You were unencumbered. You were wielding a knife. You had basic skill with knife. Final Attributes: You were fervently aligned. You were poison resistant. You saw invisible. You had infravision. You are dead. Miscellaneous: You disabled loading of bones levels. Total elapsed playing time was 3 minutes and 16 seconds. Major events: Turn 1: zarg the neutral male gnomish Healer entered the dungeon 403: performed his first genocide (class @) 403: killed by a scroll of genocide Vanquished creatures: an acid blob a giant rat 2 jackals a fox a grid bug a lichen 2 newts 9 creatures vanquished. Genocided species: captains nurses lieutenants watch captains healers elven monarchs doppelgangers elf-nobles sergeants Grey-elves soldiers watchmen Green-elves Woodland-elves 14 species genocided. Voluntary challenges: You read items or engraved 2 times. You never engraved Elbereth. You never had a pet. You genocided 14 types of monsters. You never polymorphed an object. You never changed form. You used no wishes. The Dungeons of Doom: levels 1 to 4 Level 1: Level 2: Level 3: An altar, a fountain, a sink. Level 4: <- You were here. An altar, a fountain. Final resting place for you, killed by a scroll of genocide. Game over: ---------- / \ / REST \ / IN \ / PEACE \ / \ | zarg | | 1912 Au | | killed by a | | scroll of | | genocide | | | | 2023 | *| * * * | * _________)/\\_//(\/(/\)/\//\/|_)_______ Goodbye zarg the Healer... You were genocided in The Dungeons of Doom on dungeon level 4 with 268 points, and 1912 pieces of gold, after 403 moves. You were level 1 with a maximum of 17 hit points when you were genocided.